 Dungeon Crawl Stone Soup version 0.19-a0-1608-g4cf22de (webtiles) character file.

9 Amnesiac the Twirler (level 2, -2/22 HPs)
             Began as a Mummy Gladiator on Sept 18, 2016.
             Slain by an ufetubus (3 damage)
             ... summoned by Eustachio
             ... on level 4 of the Dungeon.
             The game lasted 00:01:15 (599 turns).

Amnesiac the Twirler (Mummy Gladiator)               Turns: 599, Time: 00:01:15

Health: -2/22      AC:  4    Str: 18    XL:     2   Next: 6%
Magic:  2/2        EV: 12    Int:  7    God:
Gold:   17         SH:  0    Dex: 12    Spells: 0 memorised, 1 level left

rFire  x . .     SeeInvis .     j - +0 blowgun
rCold  + . .     Gourm    .     b - +0 leather armour
rNeg   + + +     Faith    .     (no shield)
rPois  ∞         Spirit   .     c - +0 helmet
rElec  .         Dismiss  .     (no cloak)
rCorr  .         Reflect  .     (no gloves)
MR     .....     Harm     .     (no boots)
Stlth  +.........               (no amulet)
                                (no ring)
                                (no ring)

@: very slightly contaminated
A: no food or potions, fire vulnerability, cold resistance 1, negative energy
resistance 3, torment resistance, unbreathing
a: no special abilities


You were on level 4 of the Dungeon.
You were not hungry.

You visited 1 branch of the dungeon, and saw 4 of its levels.

You collected 17 gold pieces.

Inventory:

Hand Weapons
 a - a +0 quarterstaff
 j - a +0 blowgun (weapon)
Missiles
 d - 3 throwing nets
 k - 6 poisoned needles (quivered)
Armour
 b - a +0 leather armour (worn)
 c - a +0 helmet (worn)
Scrolls
 e - a scroll of immolation {unknown}
 f - a scroll of identify {unknown}
 g - a scroll of magic mapping {unknown}
 h - a scroll of blinking
 i - a scroll of remove curse {unknown}
 l - a scroll of random uselessness {unknown}


   Skills:
 + Level 2.2 Fighting
 * Level 2.8 Staves
 - Level 1.5 Throwing
 - Level 2.4 Dodging


You had one spell level left.
You didn't know any spells.

Dungeon Overview and Level Annotations

Branches:
Dungeon (4/15)
 Temple: D:4-7

Altars:

Annotations:
D:4 Eustachio


Innate Abilities, Weirdness & Mutations

You do not eat or drink.
Your flesh is vulnerable to fire.
You are immune to poison.
Your flesh is cold resistant. (rC+)
You are immune to negative energy. (rN+++)
You are immune to unholy pain and torment.
You can survive without breathing.


Message History

An ogre comes into view. It is wielding a giant spiked club.
The ogre shouts!
Firing (i - inventory. (,) - cycle):
k - 8 poisoned needles (quivered)
Press: ? - help, Shift-Dir - straight line You shoot a poisoned needle.
The poisoned needle hits the ogre.
The ogre is poisoned.
Firing (i - inventory. (,) - cycle):
k - 7 poisoned needles (quivered)
Press: ? - help, Shift-Dir - straight line You shoot a poisoned needle.
The poisoned needle hits the ogre.
The ogre looks even sicker.
The ogre is lightly wounded.
The ufetubus closely misses you. x2
The ufetubus barely misses you. x2; The ufetubus hits you.
* * * LOW HITPOINT WARNING * * *
The ufetubus hits you.
* * * LOW HITPOINT WARNING * * *
Found a dented beryl amulet.
The ufetubus barely misses you. The ufetubus completely misses you.
The ufetubus hits you.
You die...

.### ############
.... ...........#
# ....
...........#!#
...
...........#.####
.
.(.(.O...5@.....#
.........5......#
................#
.....###.##.....#
##### #@# .....#
#5# "....# #.#
.....# #b# .....#
#######.#


You could see Eustachio, an ogre, a shadow imp and 2 ufetubi.

Vanquished Creatures
  A leopard gecko (D:3)
  A giant cockroach (D:2)
  A goblin (D:2)
  A hobgoblin (D:1)
  2 bats
  A frilled lizard (D:3)
  A kobold (D:3)
8 creatures vanquished.

Notes
Turn   | Place    | Note
-------+----------+-------------------------------------------
     0 | D:1      | Amnesiac the Mummy Gladiator began the quest for the Orb.
     0 | D:1      | Reached XP level 1. HP: 16/16 MP: 1/1
   305 | D:3      | Reached XP level 2. HP: 21/22 MP: 2/2
   545 | D:4      | Noticed Eustachio
   594 | D:4      | Noticed an ogre
   598 | D:4      | HP: 1/22 [ufetubus[Eustachio] (2)]
   599 | D:4      | Slain by an ufetubus

Vault maps used:
D:1:      ncdulo_smallfort
D:2:      ecumenical_altar_1, minivault_25, uniq_robin
D:3:      gammafunk_temple_overflow_statue, uniq_natasha
D:4:      kennysheep_cross_room, uniq_blork_the_orc, uniq_sigmund,
          uniq_eustachio

Action                   || total
-------------------------++-------
Melee: Quarterstaff      ||    20
 Fire: Blowgun           ||    15
  Use: Scroll            ||     1
Armor: Leather armour    ||     7
Dodge: Dodged            ||    23
